 Dungeon Crawl Stone Soup version 0.29-a0-22-gbf593b16ee (webtiles) character file.

Game seed: 4420850591418226651

198 dracfodder the Chopper (level 5, -6/33 HPs)
             Began as a Gargoyle Berserker on Jan 29, 2022.
             Was a Believer of Trog.
             Mangled by a hornet zombie (9 damage)
             ... on level 5 of the Dungeon.
             The game lasted 00:11:13 (3212 turns).

dracfodder the Chopper (Gargoyle Berserker)         Turns: 3212, Time: 00:11:13

Health: -6/33      AC:  9    Str: 22    XL:     5   Next: 77%
Magic:  5/5        EV: 11    Int:  8    God:    Trog [**....]
Gold:   203        SH:  0    Dex: 13    Spells: 4/4 levels left

rFire   . . .      SeeInvis .   a - +0 hand axe
rCold   . . .      Faith    .   (no shield)
rNeg    + . .      Spirit   .   l - +0 ring mail "Pucver" {-Tele Rampage Regen+ Dex+4}
rPois   ∞          Reflect  .   (no helmet)
rElec   +          Harm     .   (no cloak)
rCorr   .          Rampage  +   (no gloves)
Will    .....      NoTele   +   (no boots)
Stlth   +.........              (no amulet)
HPRegen 0.91/turn               (no ring)
MPRegen 0.09/turn               (no ring)

@: no status effects
A: sickness immunity, AC +4, negative energy resistance 1, electricity
resistance, torment resistance 1, petrification resistance
a: Renounce Religion, Berserk, Trog's Hand


You were on level 5 of the Dungeon.
You worshipped Trog.
Trog was pleased with you.
You visited 1 branch of the dungeon, and saw 5 of its levels.

You collected 203 gold pieces.

Inventory:

Hand Weapons
 a - a +0 hand axe (weapon)
 b - a +0 hunting sling
 j - a +2 spear of freezing
Missiles
 c - 11 bolts
 d - 95 stones
 f - 55 sling bullets
 g - 28 arrows
 k - 8 boomerangs (quivered)
Armour
 l - the +0 ring mail "Pucver" (worn) {-Tele Rampage Regen+ Dex+4}
   (You found it on level 2 of the Dungeon)

   Dex:       It affects your dexterity (+4).
   -Tele:     It prevents most forms of teleportation.
   Regen:     It increases your rate of health regeneration.
   Rampage:   It bestows one free step when moving towards enemies.
Potions
 e - a potion of curing {unknown}
 h - a potion of haste {unknown}
 i - a potion of heal wounds {unknown}
 m - a potion of lignification {unknown}
 n - a potion of berserk rage {unknown}


   Skills:
 + Level 4.0 Fighting
 * Level 4.6 Axes
 + Level 0.1 Throwing
 + Level 3.1 Armour
 + Level 2.0 Dodging
 + Level 0.3 Stealth


You had 4 spell levels left.
You didn't know any spells.
Your spell library was empty.

Dungeon Overview and Level Annotations

Branches:
Dungeon (5/15)
 Temple: D:4-7

Altars:
Cheibriados


Innate Abilities, Weirdness & Mutations

You are immune to sickness and miasma.
Your stone body is resilient. (AC +4)
You are immune to poison.
You resist negative energy. (rN+)
You are resistant to electric shocks. (rElec)
You are resistant to unholy torment.
You are immune to petrification.


Message History

The hornet zombie hits you but does no damage.
The hornet zombie barely misses you.
You barely miss the hornet zombie. The hornet zombie barely misses you.
You closely miss the hornet zombie. The hornet zombie misses you.
You hit the hornet zombie.
The hornet zombie is lightly damaged.
The hornet zombie closely misses you.
The hornet zombie completely misses you.
You closely miss the hornet zombie.
The hornet zombie is lightly damaged.
The hornet zombie hits you.
You hit the hornet zombie.
The hornet zombie is lightly damaged.
The hornet zombie misses you.
The hornet zombie hits you but does no damage.
You hit the hornet zombie but do no damage.
The hornet zombie is lightly damaged.
The hornet zombie hits you.
You completely miss the hornet zombie.
The hornet zombie is lightly damaged.
The hornet zombie barely misses you. The hornet zombie hits you.
You hit the hornet zombie.
The hornet zombie is lightly damaged.
The hornet zombie closely misses you.
You slash the hornet zombie!
The hornet zombie is moderately damaged.
The hornet zombie misses you.
You hit the hornet zombie but do no damage.
The hornet zombie is moderately damaged.
The hornet zombie hits you!
* * * LOW HITPOINT WARNING * * *
The hornet zombie hits you!
* * * LOW HITPOINT WARNING * * *
You barely miss the hornet zombie.
The hornet zombie is moderately damaged.
The hornet zombie hits you but does no damage.
You closely miss the hornet zombie.
The hornet zombie is moderately damaged.
The hornet zombie hits you!
You die...

#.# ...
#.. #.#
##
#.####...
#.#....
#...# #
#<####..#
#..@Z...#
#######.#


You could see a hornet zombie.

Vanquished Creatures
  A phantom (D:4)
  A centaur skeleton (D:4)
  3 adders
  A worm (D:2)
  A dart slug (D:3)
  An orc (D:3)
  7 ball pythons
  6 endoplasms
  3 giant cockroaches
  6 goblins
  7 hobgoblins
  4 jackals (D:1)
  5 quokkas
  4 bats
  3 frilled lizards
  2 kobolds
  3 rats
58 creatures vanquished.

Notes
Turn   | Place    | Note
-------+----------+-------------------------------------------
     0 | D:1      | dracfodder the Gargoyle Berserker began the quest for the
                  | Orb.
     0 | D:1      | Reached XP level 1. HP: 14/14 MP: 1/1
   251 | D:1      | Reached XP level 2. HP: 19/19 MP: 2/2
   925 | D:2      | Reached XP level 3. HP: 20/24 MP: 3/3
  1115 | D:1      | Reached ** piety under Trog
  1718 | D:2      | Identified the +0 ring mail "Pucver" {-Tele Rampage Regen+
                  | Dex+4}
  1859 | D:2      | Reached XP level 4. HP: 29/29 MP: 4/4
  2716 | D:3      | Reached XP level 5. HP: 33/33 MP: 5/5
  3037 | D:3      | Found a snail-covered altar of Cheibriados.
  3136 | D:4      | Noticed a phantom
  3156 | D:4      | Killed a phantom
  3197 | D:5      | Entered Level 5 of the Dungeon
  3210 | D:5      | HP: 1/33 [hornet zombie (8)]
  3212 | D:5      | Mangled by a hornet zombie

Illustrated notes

Levels and vault maps discovered:
D:1:      heliophobic_arrival_glass_houses, layout_basic
D:2:      layout_basic
D:3:      layout_rooms, lemuel_coloured_pillars_altar, minmay_crystal_water,
          minmay_misc_feat_plants
D:4:      layout_gridville, mainiacjoe_overflow_small_starburst,
          minmay_temple_entry_butterflies, serial_shops, kennysheep_mini
D:5:      layout_loops_cross, nicolae_hepliaklqana_monster_ancestors,
          makhleb_altar_promises_db, kennysheep_generic_room_13, uniq_sigmund,
          uniq_ijyb

Skill      XL: |  1  2  3  4  5 |
---------------+----------------+-----
Axes           | 3 4 |  4.6
Dodging        | 2 |  2.0
Fighting       | 4 |  4.0
Armour         | 3 |  3.1
Throwing       | |  0.1
Stealth        | |  0.3

Action                   |  1- 3 |  4- 6 || total
-------------------------+-------+-------++-------
Melee: Hand axe          |   145 |   102 ||   247
       Punch             |     3 |     1 ||     4
Throw: Stone             |     1 |       ||     1
       Boomerang         |       |     6 ||     6
  Use: Scroll            |     1 |     3 ||     4
Armor: Animal skin       |    45 |       ||    45
       Ring mail         |     9 |    48 ||    57
Dodge: Dodged            |    96 |    57 ||   153

Table legend: (Time is in decaauts)
 A = Elapsed time spent in this place.
 B = Non-inter-level travel time spent in this place.
 C = Inter-level travel time spent in this place.
 D = Time resting spent in this place.
 E = Time spent auto-exploring this place.
 F = Levels seen in this place.
 G = Mean time per level.
                   A        B        C        D        E       F      G
               +--------+--------+--------+--------+--------+-----+--------+
         Total |   3251 |   3148 |    103 |    182 |   2270 |   5 |  650.2 |
       Dungeon |   3251 |   3148 |    103 |    182 |   2270 |   5 |  650.2 |
               +--------+--------+--------+--------+--------+-----+--------+

Top non-repeatable levels by time:
     D:1: 1507 daAuts
     D:2: 983 daAuts
     D:3: 641 daAuts
     D:4: 102 daAuts
     D:5: 15 daAuts
